 Dungeon Crawl Stone Soup version 0.27-a0-1119-gbf574a6a6b (webtiles) character file.

Game seed: 3592204333038272811

28 Zeld the Shield-Bearer (level 3, -1/26 HPs)
             Began as an Octopode Fighter on May 2, 2021.
             Slain by a goblin
             ... wielding a +0 club
             ... led by Robin
              (4 damage)
             ... on level 3 of the Dungeon.
             The game lasted 00:00:39 (419 turns).

Zeld the Shield-Bearer (Octopode Fighter)            Turns: 419, Time: 00:00:39

Health: -1/26      AC:  1    Str: 16    XL:     3   Next: 12%
Magic:  3/3        EV: 11    Int: 10    God:
Gold:   16         SH:  9    Dex: 11    Spells: 2/2 levels left

rFire    . . .     SeeInvis .   a - +0 war axe
rCold    . . .     Faith    .   b - +0 kite shield
rNeg     . . .     Spirit   .   (helmet restricted)
rPois    .         Reflect  .   (no amulet)
rElec    .         Harm     .   (no ring)
rCorr    .         Rampage  .   (no ring)
Will     .....                  (no ring)
Stlth    ++........             (no ring)
HPRegen  0.08/turn              (no ring)
MPRegen  0.08/turn              (no ring)
                                (no ring)
                                (no ring)

@: no status effects
A: almost no armour, amphibious, 8 rings, camouflage 1, gelatinous body 1,
(nimble swimmer 1), tentacles
a: no special abilities


You were on level 3 of the Dungeon.
You visited 1 branch of the dungeon, and saw 4 of its levels.

You collected 16 gold pieces.

Inventory:

Hand Weapons
 a - a +0 war axe (weapon)
Armour
 b - a +0 kite shield (worn)
Potions
 c - a potion of might


   Skills:
 * Level 3.4 Fighting
 * Level 2.5 Axes
 - Level 3.0 Dodging
 * Level 3.4 Shields


You had 2 spell levels left.
You didn't know any spells.
Your spell library was empty.

Dungeon Overview and Level Annotations

Branches:
Dungeon (4/15)
 Temple: D:4-7

Altars:

Annotations:
D:3 Robin


Innate Abilities, Weirdness & Mutations

You cannot wear most types of armour.
You are amphibious.
You can wear up to eight rings at the same time.
Your skin changes colour to match your surroundings (Stealth+).
Your rubbery body absorbs attacks. (AC +1, EV +1)
((You are camouflaged near water. (Stealth+)))
You have tentacles for arms and can constrict up to eight enemies at once.


Message History

You block the orc's attack. The goblin closely misses you.
Robin roars a battlecry!
The goblins go into a battle-frenzy!
The goblin closely misses you. The goblin hits you but does no damage.
The goblin barely misses you. The orc hits you with a +0 hand axe.
Robin throws the goblin at you!
The goblin shouts!
There is a stone staircase leading up, spattered with blood here.
You hear a shout!
The goblin barely misses you. You block the goblin's attack.
The orc hits you with a +0 hand axe. The goblin barely misses you.
Robin hits you with a +0 club.
You climb upwards.
There is a stone staircase leading down, spattered with blood here.
Unknown command.
You hit Robin. You grab Robin.
Robin is lightly wounded.
You hit the goblin but do no damage. You closely miss the goblin.
You hit the orc. You constrict Robin. The goblin hits you with a +0 dagger.
You block the goblin's attack. You block the orc's attack.
Robin completely misses you. You block the goblin's attack.
Unknown command.
You are too injured to fight recklessly!
You are too injured to fight recklessly!
Unknown command.
You slash the goblin!
You kill the goblin!
You barely miss the orc. You hit Robin. You hit the goblin.
You kill the goblin!
You constrict Robin. The orc barely misses you. You block Robin's attack.
The orc hits you with a +0 hand axe.
* * * LOW HITPOINT WARNING * * *
Robin hits you with a +0 club.
* * * LOW HITPOINT WARNING * * *
You release your grip on Robin.
Things that are here:
a +0 dagger; a +0 dagger; a goblin corpse Robin throws the goblin at you!
The goblin hits you with a +0 club.
You die...

##########
+......... ##<...#
#.###.# #
#.#.#.##.#.
##.#.#......
#......$....
#.......#.#.
#g@.......#
#o##.##.#..#
#)##........
#>g........≈
......g.##.#..##≈≈
....#.######....≈≈
#. ... ....w ....
#.#≈ #....


You could see an orc and 2 goblins.

Vanquished Creatures
  An adder (D:3)
  A dart slug (D:3)
  An endoplasm (D:1)
  A giant cockroach (D:1)
  6 goblins
  2 hobgoblins
  A frilled lizard (D:1)
  A kobold (D:1)
  A rat (D:1)
15 creatures vanquished.

Notes
Turn   | Place    | Note
-------+----------+-------------------------------------------
     0 | D:1      | Zeld the Octopode Fighter began the quest for the Orb.
     0 | D:1      | Reached XP level 1. HP: 16/16 MP: 1/1
   204 | D:2      | Reached XP level 2. HP: 16/21 MP: 2/2
   340 | D:4      | Noticed Robin
   352 | D:3      | Reached XP level 3. HP: 21/26 MP: 3/3
   419 | D:3      | Slain by a goblin

Illustrated notes

Levels and vault maps discovered:
D:1:      saegor_arrival_simple_d, layout_basic,
          hellmonk_ecumenical_altar_run_dry, item_on_display_a
D:2:      minmay_wonky_spiral, layout_loops_ring, cheibrodos_gnoll_hut,
          uniq_sigmund
D:3:      kennysheep_slugbush, layout_basic, kennysheep_generic_room_16
D:4:      layout_basic, uniq_robin, uniq_pikel

Action                   || total
-------------------------++-------
Melee: War axe           ||    23
       Constrict         ||     6
       Tentacles         ||     5
 Stab: Sleeping          ||     4
Armor: Skin              ||     3
Dodge: Dodged            ||    17
Block: Kite shield       ||    15

Table legend: (Time is in decaauts)
 A = Elapsed time spent in this place.
 B = Non-inter-level travel time spent in this place.
 C = Inter-level travel time spent in this place.
 D = Time resting spent in this place.
 E = Time spent auto-exploring this place.
 F = Levels seen in this place.
 G = Mean time per level.
                   A        B        C        D        E       F      G
               +--------+--------+--------+--------+--------+-----+--------+
         Total |    434 |    377 |     57 |     58 |    228 |   4 |  108.5 |
       Dungeon |    434 |    377 |     57 |     58 |    228 |   4 |  108.5 |
               +--------+--------+--------+--------+--------+-----+--------+

Top non-repeatable levels by time:
     D:1: 203 daAuts
     D:2: 130 daAuts
     D:3: 93 daAuts
     D:4: 6 daAuts
